 Dungeon Crawl Stone Soup version 0.28.0-53-g5a82cb258f (webtiles) character file.

Game seed: 18190819092710958135

2 DemonSlayer the Firebug (level 1, -1/13 HPs)
             Began as a Demonspawn Fire Elementalist on July 21, 2022.
             Slain by a quokka (2 damage)
             ... on level 1 of the Dungeon.
             The game lasted 00:00:29 (323 turns).

DemonSlayer the Firebug (DsFE)                       Turns: 323, Time: 00:00:29

Health: -1/13      AC:  2    Str:  8    XL:     1   Next: 33%
Magic:  2/3        EV: 12    Int: 16    God:
Gold:   0          SH:  0    Dex: 13    Spells: 3/4 levels left

rFire   . . .      SeeInvis .   (no weapon)
rCold   . . .      Faith    .   (no shield)
rNeg    . . .      Spirit   .   a - +0 robe
rPois   .          Reflect  .   (no helmet)
rElec   .          Harm     .   (no cloak)
rCorr   .          Rampage  .   (no gloves)
Will    .....                   (no boots)
Stlth   ++........              (no amulet)
HPRegen 0.04/turn               (no ring)
MPRegen 0.08/turn               (no ring)

@: no status effects
A: no striking features
a: no special abilities


You were on level 1 of the Dungeon.
You visited 1 branch of the dungeon, and saw 1 of its levels.

Inventory:

Armour
 a - a +0 robe (worn)
Scrolls
 b - a scroll of enchant armour {unknown}
 c - a scroll of enchant weapon {unknown}
Potions
 d - a potion of degeneration {unknown}


   Skills:
 + Level 1.7 Dodging
 + Level 1.7 Stealth
 + Level 2.2 Spellcasting
 + Level 1.0 Conjurations
 + Level 2.6 Fire Magic


You had 3 spell levels left.
You knew the following spells:

 Your Spells              Type           Power      Damage    Failure   Level
a - Foxfire               Conj/Fire      28%        2x1d5     10%         1

Your spell library contained the following spells:

 Spells                   Type           Power      Damage    Failure   Level
 Scorch                   Fire           20%        2d6       11%         2
 Conjure Flame            Conj/Fire      7%         6-21      28%         3
 Inner Flame              Hex/Fire       6%         N/A       34%         3
 Flame Wave               Conj/Fire      7%         2d5       67%         4


Dungeon Overview and Level Annotations

Branches:
Dungeon (1/15)

Altars:


Message History

A quokka and a giant cockroach come into view.
The hobgoblin shouts!
You conjure some foxfire!
The giant cockroach waves its antennae.
Your foxfire dissipates!
The foxfire hits the quokka.
The quokka is severely wounded.
The quokka closely misses you.
You conjure some foxfire!
The quokka closely misses you.
The foxfire hits the giant cockroach.
The giant cockroach is almost dead.
The quokka completely misses you.
You conjure some foxfire!
The foxfire hits the quokka.
The quokka is moderately wounded.
The quokka closely misses you. The quokka completely misses you.
The hobgoblin hits you.
You barely miss the giant cockroach.
The giant cockroach is almost dead.
The foxfire hits the quokka but does no damage.
The quokka is severely wounded.
The foxfire hits the quokka.
The quokka is almost dead.
The giant cockroach closely misses you. The quokka closely misses you.
The quokka barely misses you. The hobgoblin hits you.
The giant cockroach bites you.
You are too injured to fight recklessly!
The quokka bites you but does no damage.
The quokka completely misses you. The quokka bites you.
* * * LOW HITPOINT WARNING * * *
The quokka closely misses you.
Found 18 gold pieces.
The quokka bites you.
* * * LOW HITPOINT WARNING * * *
You see here 18 gold pieces.
The quokka barely misses you.
An endoplasm comes into view.
The endoplasm quivers.
The quokka bites you.
You die...

..PP...P#
≈..≈...≈#.
........#..
≈.......#..
.P.≈^..P#.# ###
...PP..≈#.. ..#
.....≈≈≈#.# #.#
...≈PP≈.#.######J#
..#...P.#..gB.rr@#
#########.########
..##.B.B........#
#.##g###.######.#
#.##.# #.# #..#.#
#.# ##.#B# #.#
#.#g# #.# #...#
#.#


You could see an endoplasm, 2 quokkas, a giant cockroach and a hobgoblin.

Vanquished Creatures
  A hobgoblin (D:1)
  A quokka (D:1)
2 creatures vanquished.

Vanquished Creatures (others)
  11 foxfires (D:1)
11 creatures vanquished.

Grand Total: 13 creatures vanquished

Notes
Turn   | Place    | Note
-------+----------+-------------------------------------------
     0 | D:1      | DemonSlayer the Demonspawn Fire Elementalist began the
                  | quest for the Orb.
     0 | D:1      | Reached XP level 1. HP: 13/13 MP: 3/3
   323 | D:1      | Slain by a quokka

Illustrated notes

Levels and vault maps discovered:
D:1:      lemuel_arrival_muddy, layout_basic, minmay_pentomino_w2

Action                   || total
-------------------------++-------
Melee: Unarmed           ||    13
       Punch             ||     2
 Cast: Foxfire           ||     9
Armor: Robe              ||     4
Dodge: Dodged            ||    20
